Map: Newkirk Precinct TE (Void)

Players

foobaz - Winner!

  • Race: Zerg Zerg
  • League: Diamond
  • Spawn Location: 5:00

CrazyJezuz

  • Race: Protoss Protoss
  • League: Platinum
  • Spawn Location: 7:00

VOD

Have the link to the VOD?

Description

Time

  • Played on: Dec. 7, 2016, 1:59 a.m.
  • Length: 4:34
Show
View Real Time Build Order
Export as new Build Order

foobaz Zerg - Winner!

Build Orders: Hatch First, Zergling Baneling 

Get SALT Encoding   

  12  0:01  Drone  
  13  0:13  Overlord  
  13  0:18  Drone  
  14  0:31  Drone x2  
  14  0:35  Drone  
  17  0:54  Hatchery  
  16  0:58  Drone  
  16  0:59  Drone  
  16  1:03  Extractor  
  17  1:07  Drone  
  18  1:21  Spawning Pool  
  18  1:22  Drone  
  18  1:28  Drone  
  19  1:39  Overlord  
  19  1:50  Drone  
  20  2:07  Queen x2  
  20  2:08  Metabolic Boost  
  24  2:09  Zergling x2  
  24  2:13  Zergling x2  
  26  2:17  Drone  
  26  2:19  Drone  
  28  2:23  Drone  
  28  2:29  Drone  
  30  2:36  Drone  
  31  2:39  Overlord  
  31  2:43  Drone  
  32  2:49  Drone  
  33  2:54  Drone  
  34  2:59  Baneling Nest  
  34  3:00  Drone  
  34  3:11  Overlord  
  34  3:13  Zergling x2  
  34  3:18  Overlord  
  35  3:20  Zergling x8  
  35  3:21  Zergling x2  
  35  3:27  Zergling x2  
  41  3:34  Zergling x2  
  42  3:37  Overlord  
  42  3:43  Baneling x3  
  42  3:44  Baneling  
  42  3:46  Zergling x2  
  43  3:51  Baneling x2  
  43  3:52  Baneling x2  
  43  3:53  Baneling  
  43  3:54  Zergling x10  
  43  3:55  Zergling x4  
  50  4:09  Zergling x4  
Show
View Real Time Build Order
Export as new Build Order

CrazyJezuz Protoss 

Build Orders: 1 Gate Expand 

Get SALT Encoding   

  12  0:02  Probe (Chrono Boost)  
  13  0:13  Probe (Chrono Boost)  
  14  0:23  Pylon, Probe (Chrono Boost)  
  15  0:42  Probe (Chrono Boost)  
  16  0:49  Gateway  
  16  0:52  Probe (Chrono Boost)  
  17  1:03  Probe (Chrono Boost)  
  18  1:19  Nexus  
  18  1:23  Assimilator  
  18  1:36  Probe (Chrono Boost)  
  20  1:47  Probe (Chrono Boost), Cybernetics Core  
  20  1:49  Pylon  
  20  1:52  Zealot  
  22  2:01  Probe (Chrono Boost)  
  22  2:05  Assimilator  
  23  2:12  Probe (Chrono Boost)  
  24  2:21  Gateway  
  24  2:25  Probe (Chrono Boost)  
  25  2:34  Probe (Chrono Boost)  
  25  2:36  Probe (Chrono Boost)  
  27  2:45  Twilight Council, Probe x2 (Chrono Boost)  
  29  2:55  Probe  
  29  2:56  Probe  
  31  3:05  Pylon  
  31  3:06  Probe  
  31  3:08  Probe  
  31  3:10  Zealot  
  35  3:18  Probe  
  36  3:26  Probe  
  37  3:28  Probe  
  38  3:38  Probe  
  38  3:41  Gateway  
  39  3:45  Gateway  
  39  3:52  Probe, Gateway  
  39  3:55  Probe  
  41  4:02  Zealot  
  43  4:03  Probe  
  43  4:04  Zealot  
  46  4:13  Gateway  
Tags
 
Add a new tag
Caveats
  • Supply blocks, unpowered buildings, or Contaminate may cause inaccurate times.
  • Supply counts are checked every 10 seconds.